 Dungeon Crawl Stone Soup version 0.27.0-1-g7a089689b8 (webtiles) character file.

Game seed: 3527497340349526611

9 Spectrina the Ducker (level 2, 0/18 HPs)
             Began as a Deep Elf Monk on Aug 11, 2021.
             Slain by an adder (5 damage)
             ... on level 3 of the Dungeon.
             The game lasted 00:01:29 (245 turns).

Spectrina the Ducker (Deep Elf Monk)                 Turns: 245, Time: 00:01:30

Health: 0/18       AC:  2    Str:  8    XL:     2   Next: 6%
Magic:  6/6        EV: 13    Int: 14    God:
Gold:   14         SH:  0    Dex: 17    Spells: 4/4 levels left

rFire    . . .     SeeInvis .   a - +0 short sword
rCold    . . .     Faith    .   (no shield)
rNeg     . . .     Spirit   .   h - +0 robe
rPois    .         Reflect  .   (no helmet)
rElec    .         Harm     .   (no cloak)
rCorr    .         Rampage  .   (no gloves)
Will     .....                  (no boots)
Stlth    ++........             (no amulet)
HPRegen  0.06/turn              (no ring)
MPRegen  0.10/turn              (no ring)

@: lethally poisoned (0 -> -3)
A: no striking features
a: no special abilities


You were on level 3 of the Dungeon.
You visited 1 branch of the dungeon, and saw 3 of its levels.

You collected 14 gold pieces.

Inventory:

Hand Weapons
 a - a +0 short sword (weapon)
 b - a +0 dagger
 c - a +0 trident
Missiles
 g - 39 stones (quivered)
Armour
 h - a +0 robe (worn)
 i - a +1 scale mail of positive energy
Scrolls
 f - a scroll of teleportation {unknown}


   Skills:
 - Level 2.4 Fighting
 - Level 3.0 Short Blades
 - Level 3.6 Dodging
 + Level 3.1 Stealth
 + Level 1.5 Spellcasting


You had 4 spell levels left.
You didn't know any spells.
Your spell library was empty.

Dungeon Overview and Level Annotations

Branches:
Dungeon (3/15)

Altars:
Ru


Message History

The adder bites you but does no damage.
It was a potion of curing.
You feel better. The adder bites you.
You miss the adder.
The adder is moderately wounded.
The adder closely misses you.
You closely miss the adder.
The adder is moderately wounded.
The adder misses you. x2
You hit the adder.
The adder is moderately wounded.
You hear the slow rusting of a distant drain.
The adder barely misses you.
You closely miss the adder.
The adder is moderately wounded.
The adder closely misses you.
You closely miss the adder.
The adder is moderately wounded.
The adder barely misses you.
Okay, then.
You hit the adder.
The adder is heavily wounded.
The adder bites you. The adder completely misses you.
You miss the adder.
The adder is heavily wounded.
The adder misses you.
You hit the adder but do no damage.
The adder is heavily wounded.
The adder bites you.
You are poisoned.
The adder poisons you!
You hit the adder but do no damage.
The adder is heavily wounded.
You feel sick. The adder bites you.
You hit the adder but do no damage.
The adder is heavily wounded.
You feel sick. The adder barely misses you.
You closely miss the adder.
The adder is heavily wounded.
You feel sick. The adder bites you.
You die...

#...
######..######.#..##
. #...#
F$##.#####..†.##
#...#
g:g#............##
#.... #$g
#..#####......#
##...### #>.#
##.#..#.# #....###
##.# #.#.<#.#
##.....####.# #.#..#
# ##.......#.# #
#..# ##.....S@.#
.... ###....#.....#
.#).#.
######.######.#..#.
..# # #..# # ..#
#..# #... ####


You could see an adder.

Vanquished Creatures
  A goblin (D:1)
  2 hobgoblins (D:3)
  A kobold (D:2)
  A frilled lizard (D:3)
  5 rats
10 creatures vanquished.

Notes
Turn   | Place    | Note
-------+----------+-------------------------------------------
     0 | D:1      | Spectrina the Deep Elf Monk began the quest for the Orb.
     0 | D:1      | Reached XP level 1. HP: 13/13 MP: 3/3
   115 | D:2      | Reached skill level 1 in Spellcasting
   157 | D:3      | Reached XP level 2. HP: 11/18 MP: 4/6
   167 | D:3      | Found a sacrificial altar of Ru.
   223 | D:3      | Noticed a bullfrog
   245 | D:3      | Slain by an adder

Illustrated notes

Levels and vault maps discovered:
D:1:      lightli_arrival_flooded_house, layout_loops_corners
D:2:      layout_rooms, shapermc_ecumenical_altar_ellora
D:3:      layout_loops_ring, mainiacjoe_overflow_chevrons,
          gup_sewer_entry_bubbles, lightli_corner_chamber

Skill      XL: |  1 |
---------------+----+-----
Spellcasting   | 1 |  1.5
Stealth        | 3 |  3.1
Fighting       | |  2.4
Short Blades   | |  3.0
Dodging        | |  3.6

Action                   || total
-------------------------++-------
Melee: Short sword       ||    38
       Dagger            ||     1
  Use: Potion            ||     2
 Stab: Sleeping          ||     2
Armor: Robe              ||     4
Dodge: Dodged            ||    21
